cohdb
Replays
Latest Replays
All Replays
Popular Replays
Top Player Replays
Match Explorer
How It Works
Community
CoH3 Stats
Reddit
Sign in to upload your games and track your stats! →
Sign in with Steam
Match 27935547
Unlisted
Match 27935547
Overview
Messages
Build Orders
End
Kettenkrad Recon Vehicle
Construct Infanterie Kompanie
MG 42 Machine Gun Team
Grenadier Squad
Selects Luftwaffe Battlegroup
Selects Luftwaffe Pioneer Support
Grenadier Squad
Construct Panzergrenadier Kompanie
Pioneer Squad
Selects LG40 Recoilless Gun Paradrop
Medical Bunker
Pak 40 Anti-tank Gun Team
Panzergrenadier Squad
DIV 250 BigBoss
^3
『BlackBear』
[THT] Thusanai
0
0
Comments
sign in to comment!
No comments posted yet!